 Dungeon Crawl Stone Soup version 0.30-b1-2-g02819fbbbe (webtiles) character file.

Game seed: 15429128711502864996

20735 LLlMATKO the Cleaver (level 12, -31/168 HPs)
             Began as a Minotaur Berserker on May 16, 2023.
             Was a High Priest of Trog.
             Killed from afar by a tengu reaver (38 damage)
             ... with a bolt of fire
             ... on level 11 of the Dungeon.
             The game lasted 00:09:35 (10943 turns).

LLlMATKO the Cleaver (Minotaur Berserker)          Turns: 10943, Time: 00:09:36

Health: -31/168    AC: 16    Str: 31    XL:     12   Next: 48%
Magic:  0/11       EV: 13    Int:  4    God:    Trog [*****.]
Gold:   509        SH:  7    Dex: 17    Spells: 11/11 levels left

rFire   . . .        V - +2 war axe (heavy)
rCold   . . .        H - +0 buckler "Kiufurgh" {Dex+5}
rNeg    . . .        M - +0 plate armour
rPois   +            (helmet restricted)
rElec   .            E - +1 cloak {rPois}
rCorr   .            U - +0 pair of gloves
SInv    .            t - +0 pair of boots
Will    .....        G - amulet of guardian spirit Stlth
                     u - +4 ring of slaying
HPRegen 0.48/turn    B - +6 ring of strength
MPRegen 0.12/turn

%: guardian spirit
@: berserking, marked, corroded, very quick
A: horns 2, retaliatory headbutt
a: Renounce Religion, Berserk, Trog's Hand, Brothers in Arms


You were on level 11 of the Dungeon.
You worshipped Trog.
Trog was extremely pleased with you.
You visited 1 branch of the dungeon, and saw 11 of its levels.

You collected 671 gold pieces.
You spent 162 gold pieces at shops.

Inventory:

Hand Weapons
 V - a +2 heavy war axe (weapon)
Missiles
 a - 2 throwing nets
 N - 37 poisoned darts (quivered)
 O - 2 boomerangs
 Q - 5 curare-tipped darts
 X - 4 datura-tipped darts
Armour
 t - a +0 pair of boots (worn)
 E - a +1 cloak of poison resistance (worn)
 H - the +0 buckler "Kiufurgh" (worn) {Dex+5}
   (You found it on level 6 of the Dungeon)

   Dex:       It affects your dexterity (+5).
 M - a +0 plate armour (worn)
 U - a +0 pair of gloves (worn)
Jewellery
 k - a ring of protection from cold
 q - a ring of protection from cold
 u - a +4 ring of slaying (left hand)
 B - a +6 ring of strength (right hand)
 G - an amulet of guardian spirit (around neck)
 K - a ring of magical power
Wands
 x - a wand of flame (28)
 y - a wand of polymorph (5)
 A - a wand of digging (11)
 D - a wand of roots (5)
 J - a wand of mindburst (23)
 S - a wand of quicksilver (8)
Scrolls
 c - 5 scrolls of vulnerability {unknown}
 g - 5 scrolls of blinking {unknown}
 j - 4 scrolls of immolation {unknown}
 l - 2 scrolls of enchant armour {unknown}
 m - 4 scrolls of poison {unknown}
 n - 8 scrolls of teleportation {unknown}
 p - 15 scrolls of identify {unknown}
 s - a scroll of fog {unknown}
 C - 3 scrolls of torment {unknown}
 F - 2 scrolls of enchant weapon {unknown}
 L - a scroll of magic mapping {unknown}
 T - a scroll of amnesia {unknown}
 W - a scroll of fear {unknown}
Potions
 b - 2 potions of magic {unknown}
 d - 8 potions of heal wounds {unknown}
 e - 2 potions of attraction {unknown}
 f - 12 potions of curing {unknown}
 h - 3 potions of might {unknown}
 i - a potion of ambrosia {unknown}
 o - 2 potions of cancellation {unknown}
 r - 3 potions of flight {unknown}
 v - 2 potions of mutation {unknown}
 w - a potion of brilliance {unknown}
 z - 3 potions of degeneration {unknown}
 I - a potion of lignification {unknown}
 P - a potion of berserk rage {unknown}
 R - a potion of invisibility {unknown}


   Skills:
 + Level 12.1 Fighting
 + Level 12.1 Axes
 + Level 11.8 Armour
 + Level 10.9 Dodging
 + Level 9.7 Shields


You had 11 spell levels left.
You didn't know any spells.
Your spell library was empty.

Dungeon Overview and Level Annotations

Branches:
Dungeon (11/15)            Temple (0/1) D:7            Lair (0/5) D:11
    Orc (0/2) D:10

Altars:
Ashenzari
Cheibriados
Dithmenos
Fedhas
Sif Muna
Trog
Vehumet
The Shining One

Shops:
D:5 (*[!   D:11 *

Annotations:
D:9 2 transporters


Innate Abilities, Weirdness & Mutations

You have a pair of horns on your head.
You reflexively headbutt those who attack you in melee.


Message History

The tengu reaver pecks you but does no damage.
You block the tengu reaver's attack.
The tengu reaver hits you with a +0 dire flail!!
The tengu reaver pecks you but does no damage.
The tengu reaver claws you but does no damage.
The tengu reaver barely misses you. You furiously retaliate!
You headbutt the tengu reaver!
The tengu reaver pecks you but does no damage.
The tengu reaver claws you but does no damage.
You miss the tengu reaver.
The tengu reaver is heavily wounded.
You barely miss the tengu reaver.
The tengu reaver gestures at you while chanting.
The bolt of fire hits you!
The tengu reaver points at you and mumbles some strange words.
The bolt of acid hits you!!!
* * * LOW HITPOINT WARNING * * *
The acid corrodes you!
A red film seems to cover your vision as you go berserk!
You feel yourself moving faster!
You feel mighty!
The tengu reaver gestures at you while chanting.
The bolt of poison hits you! You resist.
* * * LOW HITPOINT WARNING * * *
The tengu reaver closely misses you. You furiously retaliate!
You headbutt the tengu reaver! You block the tengu reaver's attack.
The tengu reaver claws you but does no damage.
Unknown command.
You chop the tengu reaver into pieces!!!
Your headbutt misses the tengu reaver.
The tengu reaver is heavily wounded.
You slash the tengu reaver!
The tengu reaver hits you with a +0 dire flail!
* * * LOW HITPOINT WARNING * * *
The tengu reaver pecks you.
* * * LOW HITPOINT WARNING * * *
The tengu reaver claws you.
* * * LOW HITPOINT WARNING * * *
The tengu reaver gestures at you while chanting.
The bolt of fire hits you!!!
You die...

#######++####
#≈≈≈≈≈≈~~≈≈≈#
##≈##.....##≈#
.#≈#...⌠...#≈# ###+###
.#≈..⌠...⌠..≈# #.Q...#
.#≈.........≈###@)#..#
.)~.⌠.._..⌠.~'.'Q#⌠# #
.#≈.........≈###..#..
.#≈..⌠...⌠..≈# #.....#
.#≈#...⌠...#≈# ###+###
##≈##.....##≈#
#≈≈≈≈≈≈≈≈≈≈≈#
#############


You could see 2 tengu reavers.

Vanquished Creatures
  Snorg (D:10)
  Josephine (D:10)
  2 ogre magi (D:11)
  3 two-headed ogres
  7 death yaks (D:11)
  A wizard (D:11)
  3 deep elf pyromancers (D:11)
  An ugly thing (D:9)
  6 kobold demonologists
  An unseen horror (D:10)
  2 tengu conjurers (D:11)
  A troll (D:11)
  Grinder (D:5)
  3 shadows
  Sigmund (D:3)
  2 wyverns
  A vampire (D:11)
  12 yaks
  7 wraiths
  2 basilisks
  A steam dragon (D:8)
  A warg (D:10)
  An acid dragon (D:10)
  A black bear (D:5)
  4 orc warriors
  2 ice beasts
  5 centaurs
  An ogre (D:3)
  A phantom (D:5)
  4 kobold brigands
  5 bullfrogs
  A gnoll sergeant (D:9)
  A scorpion (D:5)
  5 killer bees (D:10)
  3 howler monkeys (D:10)
  4 hounds
  2 gnoll boudas
  6 orc priests
  A sleepcap (D:8)
  4 iguanas
  5 orc wizards
  5 adders
  10 gnolls
  A shadow imp (D:5)
  3 white imps
  An ufetubus (D:5)
  A worm (D:2)
  2 dart slugs (D:1)
  23 orcs
  4 endoplasms
  4 giant cockroaches
  2 hobgoblins
  12 jackals
  2 quokkas (D:1)
  3 ball pythons (D:2)
  6 bats
  3 frilled lizards
  6 goblins
  20 kobolds
  6 rats
230 creatures vanquished.

Vanquished Creatures (collateral kills)
  A kobold demonologist (D:11)
1 creature vanquished.

Grand Total: 231 creatures vanquished

Notes
Turn   | Place    | Note
-------+----------+-------------------------------------------
     0 | D:1      | LLlMATKO the Minotaur Berserker began the quest for the
                  | Orb.
     0 | D:1      | Reached XP level 1. HP: 19/19 MP: 0/0
    59 | D:1      | Reached XP level 2. HP: 22/27 MP: 1/1
   377 | D:1      | Reached XP level 3. HP: 33/33 MP: 2/2
   691 | D:2      | Reached ** piety under Trog
  1217 | D:3      | Noticed an ogre
  1225 | D:3      | Killed an ogre
  1226 | D:3      | Reached XP level 4. HP: 41/41 MP: 3/3
  1226 | D:3      | Reached XP level 5. HP: 47/47 MP: 4/4
  1358 | D:3      | Found a shadowy altar of Dithmenos.
  1446 | D:3      | Noticed Sigmund
  1454 | D:3      | Killed Sigmund
  1455 | D:3      | Reached skill level 5 in Fighting
  1455 | D:3      | Reached skill level 5 in Axes
  1455 | D:3      | Reached XP level 6. HP: 56/56 MP: 5/5
  2852 | D:5      | Entered Level 5 of the Dungeon
  2853 | D:5      | Found Biskear's Weapon Shoppe.
  2971 | D:5      | Reached skill level 5 in Armour
  2971 | D:5      | Reached XP level 7. HP: 62/62 MP: 6/6
  3063 | D:5      | Reached *** piety under Trog
  3165 | D:5      | Found Nishrie's Armour Shop.
  3179 | D:5      | Noticed Grinder
  3188 | D:5      | Paralysed by Grinder for 5 turns
  3197 | D:5      | Paralysed by Grinder for 5 turns
  3205 | D:5      | Killed Grinder
  3206 | D:5      | Reached skill level 5 in Dodging
  3587 | D:5      | Found Kiaret's Lightly-Used Armoury.
  3722 | D:5      | Found Muppamoont's Distillery.
  3786 | D:5      | Reached XP level 8. HP: 68/71 MP: 7/7
  4038 | D:5      | Bought a +1 cloak of poison resistance for 162 gold pieces
  4501 | D:6      | Identified the +0 buckler "Kiufurgh" {Dex+5}
  4634 | D:7      | Reached skill level 1 in Shields
  4815 | D:7      | Found a staircase to the Ecumenical Temple.
  4932 | D:7      | Found a broken altar of Ashenzari.
  5370 | D:8      | Found a bloodstained altar of Trog.
  5383 | D:8      | Reached XP level 9. HP: 69/81 MP: 6/8
  5403 | D:8      | Reached **** piety under Trog
  5658 | D:8      | Found a blossoming altar of Fedhas.
  6677 | D:8      | Found a blossoming altar of Fedhas.
  6822 | D:8      | Found a bloodstained altar of Trog.
  7066 | D:9      | Found a glowing golden altar of the Shining One.
  7286 | D:9      | Noticed a red ugly thing
  7298 | D:9      | Killed a red ugly thing
  7548 | D:9      | Found a radiant altar of Vehumet.
  7549 | D:9      | Noticed a yaktaur
  7549 | D:9      | Noticed a cyclops
  7567 | D:9      | Found a transporter.
  7579 | D:9      | Found a transporter.
  7691 | D:9      | Found a snail-covered altar of Cheibriados.
  7795 | D:9      | Noticed a two-headed ogre
  7808 | D:9      | Killed a two-headed ogre
  7809 | D:9      | Reached skill level 5 in Shields
  7809 | D:9      | Reached XP level 10. HP: 54/91 MP: 6/9
  8200 | D:10     | Entered Level 10 of the Dungeon
  8211 | D:10     | Noticed Snorg
  8230 | D:10     | Killed Snorg
  8615 | D:10     | Found a staircase to the Orcish Mines.
  8649 | D:10     | Reached skill level 10 in Fighting
  8649 | D:10     | Reached skill level 10 in Axes
  9360 | D:10     | Noticed Josephine
  9373 | D:10     | Killed Josephine
  9374 | D:10     | Reached XP level 11. HP: 101/101 MP: 8/10
  9375 | D:10     | Reached skill level 10 in Armour
  9466 | D:10     | Noticed a sixfirhy
  9768 | D:11     | Found Jirarpheo's Assorted Antiques.
  9773 | D:11     | Noticed a death yak
  9774 | D:11     | Noticed a death yak
  9774 | D:11     | Noticed a death yak
  9775 | D:11     | Found a staircase to the Lair.
  9775 | D:11     | Noticed a death yak
  9775 | D:11     | Noticed a death yak
  9775 | D:11     | Noticed a death yak
  9775 | D:11     | Noticed a death yak
  9776 | D:11     | Noticed a two-headed ogre
  9780 | D:11     | Killed a death yak
  9782 | D:11     | Killed a death yak
  9785 | D:11     | Killed a death yak
  9786 | D:11     | Killed a death yak
  9786 | D:11     | Killed a death yak
  9788 | D:11     | Killed a two-headed ogre
  9794 | D:11     | Reached skill level 10 in Dodging
  9794 | D:11     | Killed a death yak
  9794 | D:11     | Killed a death yak
 10276 | D:11     | Noticed a two-headed ogre
 10279 | D:11     | Killed a two-headed ogre
 10283 | D:11     | Reached XP level 12. HP: 84/110 MP: 8/11
 10285 | D:11     | Reached ***** piety under Trog
 10453 | D:11     | Noticed an ogre mage
 10459 | D:11     | Killed an ogre mage
 10659 | D:11     | Found a shimmering blue altar of Sif Muna.
 10933 | D:11     | Noticed a tengu reaver
 10933 | D:11     | Noticed an ogre mage
 10934 | D:11     | Noticed a tengu reaver
 10938 | D:11     | Killed an ogre mage
 10943 | D:11     | HP: 8/168 [tengu reaver/+0 dire flail (3)]
 10943 | D:11     | Killed from afar by a tengu reaver

Illustrated notes

Levels and vault maps discovered:
D:1:      wander_arrival_estate, layout_loops_cross, minmay_surrounded
D:2:      layout_rooms
D:3:      layout_loops_corners, general_overflow_altar, minmay_misc_feat_room,
          uniq_sigmund
D:4:      layout_basic, dreamdust_wishing_well, minmay_misc_feat_enclosed
D:5:      layout_basic, serial_shops, nicolae_inconvenience_store, shop, shop,
          minmay_shop_damaged, uniq_grinder
D:6:      layout_rooms
D:7:      layout_rooms, cheibrodos_ashenzari_chains,
          minmay_temple_entry_statues_fountains, minivault_26
D:8:      layout_loops_ring, mainiacjoe_overflow_concentric_impassable,
          mainiacjoe_overflow_alcove_1, hangedman_decor_diamond_cutter
D:9:      layout_irregular_city, cheibriados_altar_1,
          gammafunk_temple_overflow_arena, nicolae_tso_swordbearing_angel,
          minmay_quadrilaterals
D:10:     layout_grid_maze, david_orc_3, kennysheep_decorative_pillar,
          uniq_josephine, uniq_snorg
D:11:     evilmike_library_of_no_secrets, layout_loops_cross,
          dpeg_lair_monsters, serial_shops, shop

Skill      XL: |  1  2  3  4  5  6  7  8  9 10 11 12 |
---------------+-------------------------------------+-----
Fighting       | 4 5 6 7 9 10 11 12 | 12.1
Axes           | 4 5 6 7 9 10 11 12 | 12.1
Armour         | 3 4 5 6 7 8 9 11 | 11.8
Dodging        | 3 4 5 6 8 9 10 | 10.9
Shields        | 2 5 7 8 9 |  9.7

Action                     |  1- 3 |  4- 6 |  7- 9 | 10-12 || total
---------------------------+-------+-------+-------+-------++-------
  Melee: Hand axe          |    86 |    73 |   228 |   127 ||   514
         Headbutt          |    10 |    12 |    46 |    39 ||   107
         Punch             |     1 |       |       |       ||     1
         War axe           |       |       |       |    75 ||    75
 Invoke: Berserk           |     1 |     2 |     5 |     8 ||    16
         Trog's Hand       |       |       |       |     1 ||     1
         Brothers in Arms  |       |       |       |     1 ||     1
  Evoke: Wand              |       |       |     1 |       ||     1
 Armour: Animal skin       |     8 |       |       |       ||     8
         Ring mail         |    19 |       |       |       ||    19
         Chain mail        |     3 |    47 |    57 |       ||   107
         Plate armour      |       |       |    42 |   123 ||   165
  Dodge: Dodged            |    49 |    40 |   101 |   101 ||   291
  Block: Buckler           |       |       |    31 |    73 ||   104
